 Dungeon Sprint DCSS version 0.16.1-28-gcc2312f (webtiles) character file.

27 Kidiri the Shooter (level 3, -1/26 HPs)
             Began as a Halfling Hunter on May 28, 2015.
             Was a Follower of Dithmenos.
             Slain by a sky beast (6 damage)
             ... in the Dungeon (Sprint VII: "The Pits").
             The game lasted 00:01:58 (457 turns).

Kidiri the Shooter (Halfling Hunter)                 Turns: 457, Time: 00:01:58

Health: -1/26      AC:  3    Str: 12    XL:     3   Next: 25%
Magic:  3/3        EV: 15    Int: 10    God:    Dithmenos [*.....]
Gold:   0          SH:  0    Dex: 15    Spells: 0 memorised, 2 levels left

rFire  . . .     SeeInvis .     l - +2 dagger
rCold  . . .     Clarity  .     d - +0 leather armour
rNeg   . . .     SustAb   .     (no shield)
rPois  .         Gourm    .     (no helmet)
rElec  .         Spirit   .     (no cloak)
rCorr  .         Warding  .     (no gloves)
rMut   .         NoTele   +     (no boots)
MR     .....                    (no amulet)
Stlth  +++.......               (no ring)
                                (no ring)

@: wreathed by umbra, not resistant to hostile enchantments, fairly stealthy
A: mutation resistance 1
a: Renounce Religion


You were in the Dungeon.
You worshipped Dithmenos.
Dithmenos was aware of your devotion.
You were not hungry.

You visited 1 branch

Inventory:

Hand weapons
 a - a +0 short sword
 b - a +1 shortbow
 l - a +2 dagger (weapon)
Armour
 d - a +0 leather armour (worn)
Scrolls
 k - a scroll of blinking
 p - 3 scrolls of remove curse
 q - 5 scrolls of amnesia
 r - a scroll of summoning
Potions
 e - a potion of curing
 g - a potion of heal wounds
 h - a potion of haste
 i - 4 potions of magic
 j - 3 potions of berserk rage
 o - 2 potions of invisibility
Comestibles
 f - 8 bread rations
 m - 40 fruits
 n - 7 meat rations


   Skills:
 * Level 3.1 Fighting
 + Level 2.3 Short Blades
 * Level 5.9 Bows
 + Level 3.2 Dodging
 * Level 3.5 Stealth


You had 2 spell levels left.
You didn't know any spells.

Dungeon Overview and Level Annotations

Branches:
Dungeon (1/1)

Altars:
Ashenzari
Cheibriados
Dithmenos
Elyvilon
Fedhas
Kikubaaqudgha
Makhleb
Nemelex Xobeh
Okawaru
Ru
Sif Muna
Trog
Vehumet
Xom
Yredelemnul
Zin
The Shining One
Beogh
Jiyva
Lugonu


Innate Abilities, Weirdness & Mutations

You are small and have problems with some larger weapons.
You are somewhat resistant to further mutation.


Message History

The sky beast misses you.
Firing (i - inventory):
c - an arrow (quivered)
Press: ? - help, Shift-Dir - straight line, f/p - worker ant
Aim: a worker ant (lightly wounded, umbra)
You shoot an arrow. The arrow hits the sky beast.
The sky beast is moderately wounded.
The sky beast hits you. The sky beast shocks you.
Wield which item (- for none, * to show all)? (? for menu, Esc to quit)
l - a +2 dagger (weapon)
The sky beast closely misses you.
The sky beast flickers out of sight!
Deactivating autopickup; reactivate with Ctrl-A.
Something hits you. Something shocks you.
* * * LOW HITPOINT WARNING * * *
There is an open door, spattered with blood here.
You see here a whip.
Something hits you.
* * * LOW HITPOINT WARNING * * *
Something shocks you.
You die...

#__________#
#.#####'##############++
#).)'.'..##...........
#)))#.#?(##......#..#.
#######'#####...........
#.........).'...........
#+#####)#####......#..#.
#...#.# #...........
#...#@# ####'#####++
#..a).# #.......#
##)#### #.......#
#.(...# #.......#
#.....# #...<...#
#........##.......#
#.(......##.......#
###########.......#
#########


You could see a worker ant.

Vanquished Creatures
  2 gnolls (D)
  An orc (D)
  A giant newt (D)
  A goblin (D)
  A jackal skeleton (D)
  A rat (D)
7 creatures vanquished.

Notes
Turn   | Place    | Note
--------------------------------------------------------------
     0 | D        | Kidiri, the Halfling Hunter, began the quest for the Orb.
     0 | D        | Reached XP level 1. HP: 14/14 MP: 1/1
    18 | D        | Reached skill level 1 in Short Blades
    18 | D        | Reached skill level 5 in Bows
    18 | D        | Reached XP level 2. HP: 5/20 MP: 2/2
    65 | D        | Found a sacrificial altar of Ru.
    65 | D        | Found a basalt altar of Yredelemnul.
    65 | D        | Found a shadowy altar of Dithmenos.
    65 | D        | Found a deep blue altar of Sif Muna.
    65 | D        | Found a burning altar of Makhleb.
    65 | D        | Found a shimmering altar of Xom.
    65 | D        | Found an ancient bone altar of Kikubaaqudgha.
    65 | D        | Found a sparkling altar of Nemelex Xobeh.
    66 | D        | Found a glowing golden altar of the Shining One.
    66 | D        | Found a bloodstained altar of Trog.
    66 | D        | Found a shattered altar of Ashenzari.
    66 | D        | Found a white marble altar of Elyvilon.
    66 | D        | Found a snail-covered altar of Cheibriados.
    66 | D        | Found a blossoming altar of Fedhas.
    66 | D        | Found a radiant altar of Vehumet.
    66 | D        | Found a glowing silver altar of Zin.
    66 | D        | Found a corrupted altar of Lugonu.
    66 | D        | Found a viscous altar of Jiyva.
    66 | D        | Found a roughly hewn altar of Beogh.
    66 | D        | Found an iron altar of Okawaru.
    69 | D        | Became a worshipper of Dithmenos the Shadowed
   436 | D        | Reached XP level 3. HP: 21/26 MP: 3/3
   443 | D        | Noticed a worker ant
   443 | D        | Noticed a sky beast
   457 | D        | Slain by a sky beast

Action                   || total
-------------------------++-------
 Fire: Shortbow          ||    32
